[Event "NJSK 2021 Jeugd C"]
[Site "Almelo, Netherlands"]
[Date "2021.08.04"]
[Round "5.4"]
[White "Verheij, Dana"]
[Black "Zecha, Oscar"]
[Result "0-1"]
[TimeControl "90min + 30sec/move"]
[WhiteElo "1931"]
[BlackElo "1650"]

1. e4 c5 2. c3 d5 3. exd5 Qxd5 4. d4 Nc6 5.
Nf3 Bg4 6. dxc5 Qxd1+ 7. Kxd1 e6 8. b4 a5 9. a3 axb4 10. cxb4 Nxb4 11. Bb5+ Nc6 12. Be3 O-O-O+ 13.
Nbd2 Nf6 14. Ke2 Nd5 15. Rhc1 g6 16. Bxc6 bxc6 17. Bd4 Nf4+ 18. Kf1 Rg8 19. Rab1 Bf5 20. Rb6 Bd3+ 21. Ke1 Ne2 22.
Rxc6+ Kb7 23. Rb6+ Ka8 24. Bf6 Nxc1 25. Bxd8 Bxc5 26. Rc6 Bb5 27. Rc8+ Kb7 28. Rc7+ Kb8 29. Ne5 Bxa3 30. Nd7+ Bxd7 31.
Rxd7 Kc8 32. Ra7 Bc5 33. Ra5 Nd3+ 34. Ke2 Rxd8 35. Ra8+ Kc7 36. Rxd8 Kxd8 37. Kxd3 Bxf2 38. Ne4 Bh4 39.
Kd4 f5 40. Nd2 Ke7 41. Nf3 Bf2+ 42. Ke5 Bc5 43. h3 Bd6+ 44. Kd4 Kf6 45. Ke3 e5 46. g4 h6 47. gxf5 gxf5 48. Ne1 e4 49.
Ng2 Ke5 50. Ne1 f4+ 51. Kf2 Bc5+ 52. Kg2 Bb4 53. Nf3+ exf3+ 54. Kxf3 Kf5 55. h4 Bd2 56. h5 Bb4 57. Kg2 Kg4 58.
Kh1 Kxh5 0-1

[Event "NJSK 2021 Jeugd C"]
[Site "Almelo, Netherlands"]
[Date "2021.08.04"]
[Round "5.5"]
[White "Madularea, David"]
[Black "Kurt, Sascha"]
[Result "0-1"]
[TimeControl "90min + 30sec/move"]
[WhiteElo "1656"]
[BlackElo "1650"]

1. c4 Nf6 2. d4 g6 3. g3 Bg7 4. Bg2 O-O 5. Nf3 d6 6. Nc3 Nc6 7. d5 Na5 8. b3 a6 9. Bb2 Ne4 10.
Qc1 Nxc3 11. Bxc3 Bxc3+ 12. Qxc3 b6 13. h4 h5 14. O-O Bg4 15.
e4 Bxf3 16. Bxf3 Nb7 17. b4 a5 18. a3 Qd7 19. Qe3 Kh7 20. Kh2 Ra7 21. Qc3 Rfa8 22. Bg2 Qe8 23. f4 Qh8 24. e5 f5 25.
Rfc1 Qg7 26. Qe1 Kg8 27. Bf1 Kf8 28. Bd3 Qf7 29. Bc2 Qg7 30. Bb3 Ra6 31. Ba4 R6a7 32. Bc6 Rb8 33. Rc2 Nd8 34.
Bd7 Nf7 35. Re2 Rd8 36. Bc6 Nh6 37. b5 Ng4+ 38. Kg1 Qh8 39. Rd1 Qg7 40. a4 Qh8 41. exd6 cxd6 42. c5 dxc5 43. d6 exd6 44.
Rxd6 Rxd6 45. Re8+ Kg7 46. Rxh8 Kxh8 47. Qe8+ Kg7 48. Kf1 Rf7 49. Qb8 Rd1+ 50. Ke2 Rd4 51. Bf3 Re7+ 52. Kf1 Nh2+ 53.
Kg2 Rd2+ 54. Kh3 Nxf3 55. g4 Ng1+ 0-1

[Event "NJSK 2021 Jeugd C"]
[Site "Almelo, Netherlands"]
[Date "2021.08.04"]
[Round "5.6"]
[White "Dekker, Thiemen"]
[Black "Ekker, Joshua"]
[Result "1-0"]
[TimeControl "90min + 30sec/move"]
[WhiteElo "1806"]
[BlackElo "1695"]

1. e4 e5 2. Nf3 Nc6 3. Bc4 Nf6 4. d3 Bc5 5. c3 d6 6. a4 a5 7. Bg5 h6 8. Bh4 O-O 9. Nbd2 Bg4 10.
h3 Bh5 11. g4 Bg6 12. g5 hxg5 13. Bxg5 Bh5 14. Qb3 Rb8 15. Bh4 Qe7 16. O-O-O g6 17. Rdg1 Kg7 18. Rg5 Qd7 19. Rhg1 Ne7 20.
d4 Bxf3 21. Nxf3 Bb6 22. dxe5 dxe5 23. Nxe5 Qxh3 24. Bg3 Nxe4 25. Nxf7 Bxf2 26. Bxf2 Rxf7 27. Bd4+ Kf8 28. Bxf7 Nxg5 29.
Bc4 Ne4 30. Rf1+ Nf5 31. Qa3+ Ke8 32. Re1 Qh6+ 33. Kb1 Nfd6 34. Bb5+ Kd8 35. Qa2 Qh7 36. Qe6 g5 37. Ka1 b6 38.
Rxe4 Qh1+ 39. Re1 1-0

[Event "NJSK 2021 Jeugd C"]
[Site "Almelo, Netherlands"]
[Date "2021.08.04"]
[Round "5.7"]
[White "Ponomarev, Ivan"]
[Black "Aravindhan, Achyuth"]
[Result "1-0"]
[TimeControl "90min + 30sec/move"]
[WhiteElo "1723"]
[BlackElo "1031"]

1. e4 c5 2. Nf3 d6 3. Bb5+ Bd7 4. Bxd7+ Qxd7 5. O-O Nc6 6. c3 Nf6 7. Qe2 g6 8. d4 cxd4 9. cxd4 Bg7 10.
e5 dxe5 11. dxe5 Ng4 12. Bf4 O-O 13. h3 Nh6 14. Rd1 Qc7 15. Nc3 b6 16. Rac1 Qb7 17. Nd5 Rac8 18. Qe4 Rfe8 19. Rc2 f5 20.
exf6 exf6 21. Qc4 Nf7 22. Rdc1 Ne7 23. Nxe7+ Qxe7 24. Qxc8 Rxc8 25. Rxc8+ Bf8 26. Re1 Qb4 27. Ree8 Qxf4 28.
Rxf8+ Kg7 29. Rg8+ Kh6 30. b3 Ng5 31. Nh2 f5 32. Rc4 Ne4 33. Nf3 Qd6 34. Rd4 Qc5 35. g4 Ng5 36. Nxg5 Kxg5 37.
Rgd8 Qc1+ 38. Kg2 fxg4 39. hxg4 Kh6 40. R8d7 a5 41. R4d5 Qf4 42. f3 Qc1 1-0

[Event "NJSK 2021 Jeugd C"]
[Site "Almelo, Netherlands"]
[Date "2021.08.04"]
[Round "5.8"]
[White "Ramdien, Steven"]
[Black "Krylov, Philippe"]
[Result "0-1"]
[TimeControl "90min + 30sec/move"]
[WhiteElo "1589"]
[BlackElo "1339"]

1. e4 c6 2. d4 d5 3. exd5 cxd5 4. Bd3 Nc6 5. c3 Nf6 6. Bf4 Bg4 7. Qc2 e6 8. Nd2 Be7 9. Ngf3 Rc8 10.
h3 Bh5 11. O-O O-O 12. Bg5 Nb4 13. Qb1 Nxd3 14. Qxd3 a6 15. Ne5 Nd7 16. Bxe7 Qxe7 17. Ndf3 Nxe5 18. Nxe5 Bg6 19. Nxg6 hxg6 20.
f4 b5 21. Rae1 Qd6 22. Qf3 b4 23. Rc1 bxc3 24. bxc3 Rc4 25. Rc2 Rfc8 26. Rfc1 R8c6 27. Qe3 Qc7 28. g3 Qb7 29. Kf2 Rb6 30.
Ke2 Rb2 31. Qd2 Rxc2 32. Qxc2 Qb5 33. Ke3 Qa5 34. Qb3 Kh7 35. g4 Ra4 36. Rc2 Ra3 37. Qb2 Qa4 38. h4 Qa5 39. h5 gxh5 40.
gxh5 Ra4 41. h6 Rc4 42. hxg7 Kxg7 43. Kf3 Qc7 44. Rc1 Qc8 45. Qd2 Kf6 46. Qe3 Ke7 47. Ke2 Qh8 48. Qg3 Qh5+ 49.
Ke3 Qf5 50. Qg5+ Qxg5 51. fxg5 Kf8 52. Kf4 Kg7 53. Ke5 Kg6 54. Kf4 Rc6 55. Rc2 a5 56. Rc1 a4 57. Rc2 a3 58. Rc1 Rb6 59.
c4 dxc4 60. Rxc4 Rb2 61. Ra4 Rxa2 62. Ra6 Ra1 63. Ke3 Kxg5 64. Ra5+ Kg6 65. Ra6 a2 66. Kd2 Rh1 67. Kd3 0-1

[Event "NJSK 2021 Jeugd C"]
[Site "Almelo, Netherlands"]
[Date "2021.08.04"]
[Round "5.9"]
[White "Katpatal, Akshaj"]
[Black "Kien, Lancelot"]
[Result "1-0"]
[TimeControl "90min + 30sec/move"]
[WhiteElo "1650"]
[BlackElo "1650"]

1. e4 e5 2. Nf3 Nc6 3. Bc4 Bc5 4. O-O Nf6 5. d3 h6 6. Be3 Bb6 7. Bxb6 axb6 8. a3 O-O 9. Nc3 d6 10.
Nh4 Nxe4 11. Ng6 Nxc3 12. bxc3 d5 13. Bxd5 Qxd5 14. Nxf8 Kxf8 15. Qd2 b5 16. Qe3 Qd6 17. Qc1 Qc5 18.
Qb2 b6 19. h3 Ra4 20. Rfb1 Na7 21. Rd1 Be6 22. d4 Qc4 23. dxe5 Ke7 24. Rd3 Qc5 25. Rd4 Bc4 26. Qc1 Qxe5 27.
Qd2 Be6 28. Rxa4 bxa4 29. Rd1 Nc6 30. Qd3 Qc5 31. Qg3 Qe5 32. Qf3 Qc5 33. Qg3 Qe5 34. Qh4+ Qf6 35. Qxa4 Qxc3 36. Rd3 Qa1+ 37.
Kh2 Qe5+ 38. g3 Qc5 39. Qf4 Ne5 40. Re3 f6 41. Qe4 Bd5 42. Qf5 Kf7 43. Rxe5 1-0

[Event "NJSK 2021 Jeugd C"]
[Site "Almelo, Netherlands"]
[Date "2021.08.04"]
[Round "5.10"]
[White "Blom, Rens"]
[Black "Pancharajah, Abisan"]
[Result "0-1"]
[TimeControl "90min + 30sec/move"]
[WhiteElo "1650"]
[BlackElo "1650"]

1. c4 Nf6 2. Nc3 g6 3. Nf3 Bg7 4.
d4 O-O 5. e4 d6 6. Be2 e5 7. O-O Nc6 8. d5 Ne7 9. Ne1 Nd7 10. Be3 f5 11. f3 f4 12. Bf2 g5 13. a4 Ng6 14.
a5 Nf6 15. a6 b6 16. Nd3 h5 17. b4 g4 18. c5 g3 19. Be1 h4 20. h3 Nh7 21. Bd2 Ng5 22. Re1 Bxh3 23. Bf1 Bxg2 24.
Bxg2 h3 25. Re2 hxg2 26. Ne1 Nh3+ 27. Kxg2 Nf2 28. Rxf2 Qh4 29. Nd3 gxf2 30. Nxf2 Qg3+ 31. Kf1 Nh4 32. cxd6 Qg2+ 33. Ke2 Nxf3 34.
Nb5 Nd4+ 35. Nxd4 exd4 36. Qg1 d3+ 37. Kxd3 Qf3+ 38. Kc2 cxd6 39. e5 Rac8+ 40. Kb2 dxe5 41. Rc1 e4+ 42. Ka2 e3 43. Rc3 Qxf2 44. Qg4 Qxd2+ 45. Kb1 Qxc3 46. Qe6+ Rf7 0-1

[Event "NJSK 2021 Jeugd C"]
[Site "Almelo, Netherlands"]
[Date "2021.08.04"]
[Round "5.11"]
[White "Lopes, Samuel"]
[Black "Kumar, Prayan Sai"]
[Result "1-0"]
[TimeControl "90min + 30sec/move"]
[WhiteElo "1124"]
[BlackElo "1652"]

1. e4 c6 2. d4 d5 3. exd5 cxd5 4. Bf4 Nc6 5. Nc3 Nf6 6.
Nb5 Qa5+ 7. c3 e5 8. dxe5 Nd7 9. e6 fxe6 10. Nc7+ Ke7 11. Nxa8 e5 12. Nc7 Qxc7 13. Bg5+ Nf6 14.
Qxd5 Be6 15. Bxf6+ gxf6 16. Qe4 Bg7 17. Nf3 f5 18. Qe3 h5 19. Bc4 Bxc4 20. Qc5+ Qd6 21. Qxc4 Rd8 22. O-O e4 23.
Nh4 Rf8 24. Rad1 Qf6 25. Qc5+ Ke8 26. Qd6 Ne7 27. Qxf6 Bxf6 28. g3 f4 29. Ng2 f3 30. Nf4 Be5 31. Ne6 Rh8 1-0

[Event "NJSK 2021 Jeugd C"]
[Site "Almelo, Netherlands"]
[Date "2021.08.04"]
[Round "5.12"]
[White "Sazonov, Fedor"]
[Black "Lankheet, Hidde"]
[Result "0-1"]
[TimeControl "90min + 30sec/move"]
[WhiteElo "1650"]
[BlackElo "1000"]

1. d4 d5 2. c4 e6 3. Nf3 Nf6 4. g3 Bd6 5. Bg2 O-O 6. O-O Re8 7. Qc2 Nbd7 8. Rd1 c6 9. Nbd2 e5 10.
dxe5 Nxe5 11. Nxe5 Bxe5 12. cxd5 Nxd5 13. Nc4 Bf6 14. e4 Be6 15. exd5 cxd5 16. Ne3 Rc8 17. Qd3 d4 18. Nc2 Bc4 19.
Qf3 Be2 20. Qxb7 Bxd1 21. Bf4 Bxc2 22. Bh3 d3 23. Bxc8 Qxc8 24. Qb4 Be5 25. Bd2 Qb8 26. Re1 Qxb4 27. Bxb4 f6 28. Kf1 Kf7 29.
b3 Rc8 30. f4 Bc3 31. Re7+ Kg6 32. Bxc3 Rxc3 33. Ke1 Rc6 34. Rxa7 Re6+ 35. Kd2 Re2+ 36. Kc1 Rxh2 37. b4 Re2 38.
g4 Re4 39. b5 Rb4 40. a4 Bxa4 41. Kd2 Bxb5 42. Kc3 Rc4+ 0-1

[Event "NJSK 2021 Jeugd C"]
[Site "Almelo, Netherlands"]
[Date "2021.08.05"]
[Round "6.1"]
[White "Kumar, Prajit Sai"]
[Black "Bakija, Alan"]
[Result "1/2-1/2"]
[TimeControl "90min + 30sec/move"]
[WhiteElo "1811"]
[BlackElo "1870"]

1. d4 Nf6 2. c4 e6 3. Nc3 Bb4 4. Qc2 O-O 5. Nf3 c5 6. dxc5 Na6 7. g3 Nxc5 8. a3 Bxc3+ 9. Qxc3 Nce4 10.
Qc2 d5 11. Bg2 Bd7 12. cxd5 exd5 13. O-O Rc8 14. Qd1 a5 15. Be3 a4 16. Qd3 1/2-1/2

[Event "NJSK 2021 Jeugd C"]
[Site "Almelo, Netherlands"]
[Date "2021.08.05"]
[Round "6.2"]
[White "Kurt, Sascha"]
[Black "De Winter, Arthur"]
[Result "0-1"]
[TimeControl "90min + 30sec/move"]
[WhiteElo "1650"]
[BlackElo "2000"]

1. e4 c5 2. Nf3 Nc6 3. d4 cxd4 4. Nxd4 Nf6 5. Nc3 e5 6. Ndb5 d6 7. Bg5 a6 8. Na3 b5 9. Nd5 Be7 10.
Bxf6 Bxf6 11. c3 Ne7 12. Nc2 Nxd5 13. Qxd5 Ra7 14. Nb4 Bb7 15. Qd3 Qa8 16. Nd5 Bxd5 17. Qxd5 O-O 18. Qxa8 Raxa8 19. O-O-O Rfd8 20. b4 Rac8 21. Kb2 d5 22. Rxd5 Rxd5 23. exd5 e4 24. Be2 Bxc3+ 25. Kb3 Be5 26. Re1 Rc3+ 27.
Kb2 Rf3+ 28. Kb1 Rxf2 29. a4 bxa4 30. Rc1 Kf8 31. Rc8+ Ke7 32. Bxa6 Rb2+ 0-1

[Event "NJSK 2021 Jeugd C"]
[Site "Almelo, Netherlands"]
[Date "2021.08.05"]
[Round "6.3"]
[White "Zecha, Oscar"]
[Black "Labruyere, Roger"]
[Result "1/2-1/2"]
[TimeControl "90min + 30sec/move"]
[WhiteElo "1650"]
[BlackElo "2003"]

1. d4 d5 2. c4 c6 3. Nf3 Nf6 4.
e3 Bg4 5. Qb3 Qb6 6. Ne5 e6 7. Bd2 Nbd7 8. Nxg4 Nxg4 9. Be2 Ngf6 10. Nc3 Be7 11. O-O O-O 12. Rfd1 Rfc8 13. Rac1 Rab8 14.
Rc2 Qd8 15. Bf3 Nb6 16. cxd5 cxd5 17. Be1 Qd7 18. e4 dxe4 19. Nxe4 Nxe4 20. Bxe4 h6 21. Qg3 Bd6 22. Qh3 Rxc2 23. Bxc2 Nd5 24. Bd2 Bf8 25.
Re1 Bb4 26. Qg3 Bd6 27. Qh3 Rc8 28. Bb3 Be7 29. Re4 Bg5 30. Bxg5 hxg5 31. Re1 Nf4 32. Qf3 Rd8 33. g3 Ng6 34.
Qg4 Qxd4 1/2-1/2

[Event "NJSK 2021 Jeugd C"]
[Site "Almelo, Netherlands"]
[Date "2021.08.05"]
[Round "6.4"]
[White "Smeets, Kobe"]
[Black "Ponomarev, Ivan"]
[Result "1-0"]
[TimeControl "90min + 30sec/move"]
[WhiteElo "1897"]
[BlackElo "1723"]

1. e4 c5 2. Nf3 e6 3. d4 cxd4 4. Nxd4 Nf6 5. Nc3 Nc6 6. Ndb5 Bb4 7. a3 Bxc3+ 8. Nxc3 d5 9. exd5 Nxd5 10. Bd2 O-O 11. Bd3 Nxc3 12. Bxc3 e5 13.
O-O Be6 14. Qh5 f5 15. Rad1 Qe8 16. Qh4 Rd8 17. Bb5 Bd5 18. Rxd5 Rxd5 19. Bc4 Qf7 20. Qg3 Rfd8 21. h4 Kh8 22.
Kh2 Qe7 23. Bxd5 Rxd5 24. h5 f4 25. Qg4 Qd7 26. Qg5 Nd4 27. Re1 e4 28. Qxf4 Rxh5+ 29. Kg1 h6 30. Qxe4 Nc6 31. Qg6 1-0

[Event "NJSK 2021 Jeugd C"]
[Site "Almelo, Netherlands"]
[Date "2021.08.05"]
[Round "6.5"]
[White "Krylov, Philippe"]
[Black "Dekker, Thiemen"]
[Result "0-1"]
[TimeControl "90min + 30sec/move"]
[WhiteElo "1339"]
[BlackElo "1806"]

1. d4 d5 2. c4 e6 3. Nc3 Nf6 4. cxd5 exd5 5. Bg5 c6 6. e3 Bd6 7. Bd3 Be6 8. Qc2 h6 9. Bh4 O-O 10.
Nge2 a5 11. O-O Na6 12. a3 Nc7 13. Rab1 Bxh2+ 14. Kh1 Bd6 15. b4 axb4 16. axb4 Na6 17. Bxa6 Rxa6 18. b5 Rb6 19. bxc6 bxc6 20.
Rxb6 Qxb6 21. Bxf6 gxf6 22. Rb1 Qd8 23. Na4 f5 24. g3 Qg5 25. Nf4 Qg4 26. Qe2 Bxf4 27. Qxg4+ fxg4 28. gxf4 Bf5 29.
Rb6 Ra8 30. Nc5 Ra2 31. Kg2 Rc2 32. Rb8+ Kg7 33. Rb6 h5 34. Rxc6 h4 35. Rc7 Be4+ 36. Kf1 Rc1+ 37. Ke2 Bf3+ 38.
Kd2 Rd1+ 39. Kc3 h3 40. Ne6+ Kf6 41. Nc5 h2 42. e4 h1=Q 43. e5+ Kg6 44. f5+ Kg5 45. Ne6+ fxe6 46. f6 Qe1+ 47. Kb3 Rb1+ 0-1

[Event "NJSK 2021 Jeugd C"]
[Site "Almelo, Netherlands"]
[Date "2021.08.05"]
[Round "6.6"]
[White "Arnold, Rhys"]
[Black "Pancharajah, Abisan"]
[Result "1-0"]
[TimeControl "90min + 30sec/move"]
[WhiteElo "1748"]
[BlackElo "1650"]

1. e4 c5 2. Nc3 d6 3. f4 Nc6 4. Nf3 g6 5. Bc4 Bg7 6. O-O e6 7. d3 Nge7 8. Qe1 O-O 9. f5 exf5 10.
Qh4 Ne5 11. Bg5 Re8 12. Nxe5 dxe5 13. Nd5 Kf8 14. Bxe7+ Rxe7 15. Nxe7 Qxe7 16. Qxe7+ Kxe7 17. exf5 Bxf5 18. g4 Be6 19.
Bxe6 Kxe6 20. Rae1 Rd8 21. b3 b5 22. Re2 Rd7 23. Rf3 f5 24. g5 Rd6 25. Rh3 Rd7 26. Rxh7 f4 27. Kg2 Kf5 28.
Kf3 Re7 29. h4 Rd7 30. Re4 Re7 31. a4 a6 32. axb5 axb5 33. b4 cxb4 34. Rxb4 Rb7 35. Rb3 Ke6 36. c4 b4 37. Rxg7 Rxg7 38.
Rxb4 Rd7 39. Rb6+ Kf7 40. Rb3 Ke6 41. Ra3 Kf5 42. c5 Ke6 43.
Ke4 Rd4+ 44. Kf3 Rd7 45. Rc3 Kd5 46. c6 Rc7 47. Rc4 Kd6 48. Ke4 f3 49. Kxf3 Kd5 50. Ke3 Ke6 51. Ke4 Kd6 52.
Rc3 Ke6 53. Rc5 Kd6 54. Rxe5 Rxc6 55.
d4 Rc1 56. Ra5 Rc6 57. Ra7 Rc1 58. Ra6+ Ke7 59. Rxg6 Rg1 60. Kd5 Kf7 61. Rf6+ Kg7 62. Kd6 1-0

[Event "NJSK 2021 Jeugd C"]
[Site "Almelo, Netherlands"]
[Date "2021.08.05"]
[Round "6.7"]
[White "Katpatal, Akshaj"]
[Black "Madularea, David"]
[Result "1-0"]
[TimeControl "90min + 30sec/move"]
[WhiteElo "1650"]
[BlackElo "1656"]

1. e4 c5 2. Nf3 d6 3. c3 Nf6 4. Be2 a6 5. O-O Nc6 6. d4 cxd4 7. cxd4 Nxe4 8. d5 Nb8 9. Qa4+ Nd7 10.
Qxe4 Nf6 11. Qd3 g6 12. Nc3 Bf5 13.
Qd1 Bg7 14. Bd3 Bg4 15. h3 Bd7 16. Re1 Kf8 17. Bg5 h6 18. Bxf6 Bxf6 19. Qe2 g5 20. Ne4 Bg7 21. Ng3 g4 22.
hxg4 Bxg4 23. Bf5 h5 24. Qe4 Bxf3 25. Qxf3 h4 26. Be6 Bf6 27. Nh5 fxe6 28. Rxe6 Rh6 29. Qg4 Ke8 30. Rae1 Rxh5 31.
Rxf6 Re5 32. Rxe5 dxe5 33. Qe6 Qc8 34. Rh6 Qc1+ 35. Kh2 Qf4+ 36. Kh3 1-0

[Event "NJSK 2021 Jeugd C"]
[Site "Almelo, Netherlands"]
[Date "2021.08.05"]
[Round "6.8"]
[White "Lopes, Samuel"]
[Black "Verheij, Dana"]
[Result "0-1"]
[TimeControl "90min + 30sec/move"]
[WhiteElo "1124"]
[BlackElo "1931"]

1. e4 c5 2. d4 cxd4 3. c3 d3 4. Bxd3 Nc6 5. Nf3 d6 6. O-O g6 7. Bf4 Bg7 8. Qe2 Nf6 9. a3 O-O 10. c4 Nh5 11. Be3 Bg4 12.
Ra2 Nd4 13. Bxd4 Bxd4 14. h3 Nf4 15. Qd1 Bh5 16. Be2 Nxe2+ 17. Qxe2 Bxf3 18. Qxf3 f5 19. Qd3 e5 20. Nc3 Qh4 21.
exf5 Rxf5 22. Ne4 Raf8 23. b4 b5 24. cxb5 d5 25. Ng3 Rf3 26. gxf3 Qxg3+ 27. Kh1 Qxh3+ 28. Kg1 Rxf3 29. Qxf3 Qxf3 30.
Rc1 h5 31. Rac2 h4 32. Rc8+ Kg7 33. R1c7+ Kh6 34. Rh8+ Kg5 35. Rc2 Qd1+ 36. Kg2 Qxc2 37. Rf8 e4 38. Rd8 Qxf2+ 39. Kh1 Qg1# 0-1

[Event "NJSK 2021 Jeugd C"]
[Site "Almelo, Netherlands"]
[Date "2021.08.05"]
[Round "6.9"]
[White "Ekker, Joshua"]
[Black "Aravindhan, Achyuth"]
[Result "0-1"]
[TimeControl "90min + 30sec/move"]
[WhiteElo "1695"]
[BlackElo "1031"]

1. e4 c5 2. Nf3 d6 3. d4 cxd4 4. Nxd4 Nf6 5. Nc3 g6 6. Be3 Bg7 7. f3 O-O 8. Bc4 Nc6 9. Qd2 Bd7 10.
O-O-O Rc8 11. Bb3 Na5 12. h4 h5 13. Rdg1 e6 14. Ndb5 Nxb3+ 15. axb3 Qa5 16. Na3 Rc6 17. Ne2 Qxd2+ 18. Bxd2 e5 19. Nc3 Ra6 20. Kb1 Be6 21. Nd1 Rc8 22. Nf2 d5 23. exd5 Bxd5 24. Bc3 Rxc3 25. bxc3 Rxa3 26. Kb2 Ra6 27.
Ra1 Rxa1 28. Rxa1 a6 29. Re1 Nd7 30. Nd3 Bf6 31. Nb4 Be6 32. g3 a5 33. Nd3 Bd5 34. Re3 Kf8 35. Kc1 Ke7 36.
Kd2 Kd6 37. Ke2 b5 38. Nb2 Bd8 39. Rd3 Kc6 40. Rd1 Be6 41. Kd2 Nf6 42. Nd3 Bc7 43. Re1 e4 44. fxe4 Bxg3 45. Re3 Bxh4 46.
Ne5+ Kc7 47. Nf3 Bg3 48. Kd3 Bf4 49. Re1 Bg4 50. Nd4 Kb6 51. Rf1 Be5 52. Rf2 h4 53. Rf1 h3 54. Rh1 h2 55.
Ke3 Bh3 56. Kf3 g5 57. Ne2 g4+ 0-1

[Event "NJSK 2021 Jeugd C"]
[Site "Almelo, Netherlands"]
[Date "2021.08.05"]
[Round "6.10"]
[White "Kumar, Prayan Sai"]
[Black "Kien, Lancelot"]
[Result "1/2-1/2"]
[TimeControl "90min + 30sec/move"]
[WhiteElo "1652"]
[BlackElo "1650"]

1. d4 d5 2. c4 dxc4 3. e4 Nf6 4. e5 Nd5 5. Bxc4 Bf5 6. Qb3 c6 7. Ne2 b5 8. Bxd5 Qxd5 9. Qxd5 cxd5 10.
Nbc3 Nc6 11. Nxd5 O-O-O 12. Ne3 Bd3 13. Nf4 Rxd4 14. Nxd3 Rxd3 15. Ke2 Rd4 16. b3 e6 17. Bb2 Rd7 18.
Rac1 Kb7 19. a3 Nd4+ 20. Bxd4 Rxd4 21. Rhd1 Rxd1 22. Rxd1 Kc7 23. b4 a5 24. Nc2 Be7 25. Rd3 Ra8 26.
Rf3 f5 27. Rb3 axb4 28. Nxb4 Bxb4 29. Rxb4 Kc6 30. Rb3 Ra4 31. f3 Kc5 32. Rd3 1/2-1/2

[Event "NJSK 2021 Jeugd C"]
[Site "Almelo, Netherlands"]
[Date "2021.08.05"]
[Round "6.11"]
[White "Sazonov, Fedor"]
[Black "Ramdien, Steven"]
[Result "1/2-1/2"]
[TimeControl "90min + 30sec/move"]
[WhiteElo "1650"]
[BlackElo "1589"]

1. d4 Nf6 2. c4 e6 3. Nf3 d5 4. g3 g6 5. Bg2 Bg7 6. O-O O-O 7. b3 b6 8. Bb2 Bb7 9. Qc2 c6 10.
Nbd2 Nbd7 11. e4 dxe4 12. Nxe4 c5 13. Nxf6+ Nxf6 14. dxc5 bxc5 15. Rad1 Qb6 16. Ne5 Bxg2 17. Kxg2 Rad8 18. Nf3 Qc6 19. Rxd8 Rxd8 20.
Rd1 Rd6 21. Rxd6 Qxd6 22. Qd2 Ne4 23. Qxd6 Nxd6 24. Bxg7 Kxg7 25. Ne5 Nb7 26. Kf3 Kf6 27. Nc6 a5 28. a3 e5 29. b4 axb4 30.
axb4 cxb4 31. Nxb4 Nc5 32. Ke3 Ke6 33. Nd3 Nxd3 34. Kxd3 f5 35. Kc3 Kd6 36. Kb4 Kc6 37. c5 h6 38.
h4 g5 39. hxg5 hxg5 40. f3 g4 41. fxg4 f4 42. gxf4 exf4 43. Kc4 f3 44. Kd3 Kxc5 45. Ke3 Kd5 46. Kxf3 Ke5 47. Ke3 Ke6 48.
Kf3 Ke5 49. Ke3 Ke6 50. Ke4 Kf6 51. Kf4 Kg6 52. g5 Kg7 53. Kf5 Kf7 54. g6+ Kg7 55. Kg5 Kg8 56. Kh5 Kg7 57. Kg5 Kg8 58. Kf6 Kf8 59. Ke5 Kg7 60.
Kf5 Kg8 61. Kf6 Kf8 62. g7+ Kg8 63. Kg6 1/2-1/2

[Event "NJSK 2021 Jeugd C"]
[Site "Almelo, Netherlands"]
[Date "2021.08.05"]
[Round "6.12"]
[White "Lankheet, Hidde"]
[Black "Blom, Rens"]
[Result "0-1"]
[TimeControl "90min + 30sec/move"]
[WhiteElo "1000"]
[BlackElo "1650"]

1. e4 d6 2. f4 Nf6 3. Nc3 g6 4. Bc4 Bg7 5. Nf3 O-O 6. d3 c6 7. e5 dxe5 8.
fxe5 Ng4 9. d4 c5 10. dxc5 Nxe5 11. Nxe5 Bxe5 12. Bh6 Bg7 13. Bxg7 Qxd1+ 14. Rxd1 Kxg7 15. O-O Nc6 16. a3 e5 17. Rfe1 f6 18. Ne4 Bf5 19.
c3 Bxe4 20. Rxe4 Rad8 21. Ree1 f5 22. b4 a6 23. Bd5 Rd7 24. Bxc6 Rxd1 25. Rxd1 bxc6 26. Rd6 Rf6 27. Kf2 Kf7 28.
Rxf6+ Kxf6 29. Kf3 e4+ 30. Kf4 g5+ 31.
Ke3 Ke5 32. c4 f4+ 33. Ke2 Kd4 34. b5 axb5 35. cxb5 Kxc5 36. bxc6 Kxc6 37. Kd2 e3+ 38. Ke2 Kb5 39. g3 Ka4 40. h4 h6 41. hxg5 hxg5 42. gxf4 gxf4 0-1

[Event "NJSK 2021 Jeugd C"]
[Site "Almelo, Netherlands"]
[Date "2021.08.05"]
[Round "7.1"]
[White "De Winter, Arthur"]
[Black "Arnold, Rhys"]
[Result "1-0"]
[TimeControl "90min + 30sec/move"]
[WhiteElo "2000"]
[BlackElo "1748"]

1. e4 c5 2. Nf3 Nc6 3. d4 cxd4 4. Nxd4 e5 5. Nb5 d6 6. N1c3 a6 7. Na3 Be6 8. Nc4 Rb8 9. g3 Nf6 10.
Bg5 Be7 11. Bxf6 gxf6 12. Ne3 Qd7 13. Ncd5 f5 14. exf5 Bxf5 15. Nxf5 Qxf5 16. Bg2 Nd4 17. Ne3 Qg6 18. O-O Ne6 19.
Nd5 h5 20. c3 f5 21. Qa4+ Kf7 22. Qd7 Rbe8 23. Nxe7 Rxe7 24. Qxd6 e4 25. Rad1 Rd8 26. Qb6 Rxd1 27. Rxd1 Qg4 28.
Rd5 h4 29. Qe3 Nc7 30. Rd6 Re6 31. Rd7+ Re7 32. Rxe7+ Kxe7 33. f3 Qh5 34. fxe4 Ne6 35. exf5 Qxf5 36. Qe4 Qc5+ 37. Kh1 hxg3 38.
Bh3 g2+ 39. Kxg2 Qg5+ 40. Kf3 Qh5+ 41. Bg4 Qf7+ 42. Ke2 Kf8 43. Qxe6 Qf4 44. Qf5+ 1-0

[Event "NJSK 2021 Jeugd C"]
[Site "Almelo, Netherlands"]
[Date "2021.08.05"]
[Round "7.2"]
[White "Dekker, Thiemen"]
[Black "Kumar, Prajit Sai"]
[Result "0-1"]
[TimeControl "90min + 30sec/move"]
[WhiteElo "1806"]
[BlackElo "1811"]

1. e4 c6 2. d4 d5 3. exd5 cxd5 4. c4 Nf6 5. Nc3 Nc6 6. Bg5 Be6 7. c5 Ne4 8. Nf3 Bg4 9. Be3 e6 10.
Be2 Be7 11. Ne5 Nxc3 12. Nxc6 Nxd1 13. Nxd8 Bxe2 14. Nxb7 Nxe3 15. Kxe2 Nf5 16. Kd3 Kd7 17. Rac1 Rhc8 18. Na5 Kc7 19. g4 Nh6 20. h3 Rab8 21. Nb3 Bg5 22. f4 Bxf4 23. Rcf1 Bg5 24.
h4 Be7 25. g5 Nf5 26. g6 hxg6 27. h5 g5 28. h6 gxh6 29. Rxf5 exf5 30. Rxh6 Rh8 31. Ra6 Kb7 32. Ra4 g4 33.
Na5+ Kc7 34. b4 g3 0-1

[Event "NJSK 2021 Jeugd C"]
[Site "Almelo, Netherlands"]
[Date "2021.08.05"]
[Round "7.3"]
[White "Bakija, Alan"]
[Black "Zecha, Oscar"]
[Result "1/2-1/2"]
[TimeControl "90min + 30sec/move"]
[WhiteElo "1870"]
[BlackElo "1650"]

1. c4 Nf6 2. Nf3 e6 3. e3 d5 4. Nc3 b6 5. b3 Bb7 6. cxd5 exd5 7. Bb2 Nbd7 8. d4 g6 9. Rc1 Bg7 10.
Nb5 O-O 11. Nxc7 Rc8 12. Nb5 Ba6 13. Ba3 Bxb5 14. Bxb5 Re8 15. O-O Ne4 16. Rxc8 Qxc8 17. Qd3 Bf8 18. Bxf8 Kxf8 19. Nd2 Kg7 20. Nxe4 Rxe4 21. Bxd7 Qxd7 22.
Rc1 Qe7 23. Qe2 Kh6 24. Qf3 Kg7 25. Qe2 Kh6 26. Qd2 Kg7 27. b4 Kh6 28. a4 Kg7 29. Qc3 Kh6 30. b5 Kg7 31. Rb1 Kh6 32.
Rb3 Kg7 33. Qc6 Qd8 34. Rc3 Re7 35. Kf1 Rd7 36. Kg1 Re7 37. g3 Rd7 38. Kg2 Re7 39. Qc8 Qd6 40. Rc6 Qb4 41. Qd8 Qa3 42.
Qxd5 Qxa4 43. e4 Qb4 44. e5 Qe1 45. Qf3 Qb4 46. d5 Qxb5 47. Qf6+ Kh6 48. Qh4+ Kg7 49. Qd4 Kh6 50. Rc4 a5 51.
Qf4+ Kg7 52. Qf6+ Kg8 53. Rc8+ Re8 54. Rxe8+ Qxe8 55. Qxb6 Qxe5 56. Qxa5 Qe4+ 57. Kf1 Qh1+ 58. Ke2 Qe4+ 59. Kd1 Qd3+ 60. Qd2 Qf1+ 61. Kc2 Qc4+ 62.
Kb2 Qb5+ 63. Ka3 Qc5+ 64. Kb3 Qb5+ 65. Kc2 1/2-1/2

[Event "NJSK 2021 Jeugd C"]
[Site "Almelo, Netherlands"]
[Date "2021.08.05"]
[Round "7.4"]
[White "Labruyere, Roger"]
[Black "Smeets, Kobe"]
[Result "1-0"]
[TimeControl "90min + 30sec/move"]
[WhiteElo "2003"]
[BlackElo "1897"]

1. d4 d5 2. Nf3 e6 3. g3 Bd6 4. Bg2 c6 5. O-O f5 6. c4 Nf6 7. Ne5 O-O 8. f4 Ne4 9. Nd2 Nd7 10.
Qc2 Ndf6 11. Nxe4 Nxe4 12. Bxe4 fxe4 13. b3 Bd7 14. a4 Qe7 15. Ng4 c5 16. dxc5 Bxc5+ 17. e3 Bc6 18. Ne5 Rf5 19.
cxd5 exd5 20. Nxc6 bxc6 21. b4 Bxb4 22. Qxc6 Rd8 23. Bb2 Bc5 24. Rfe1 Rb8 25. Be5 Rd8 26. Rad1 Bb4 27. Re2 Qd7 28.
Qc2 a5 29. Qb3 Qe6 30. Rc2 Rf7 31. Rd4 Re7 32. Rc1 Qf7 33. Rc6 Red7 34. Rxb4 axb4 35. Qxb4 Qh5 36. Qd2 Rb7 37. Rc1 Qf7 38.
a5 h5 39. Bd4 Ra8 40. Ra1 h4 41. a6 Rc7 42. a7 h3 43. Rc1 Rxc1+ 44. Qxc1 Qh5 45. Qd2 Qf3 46. Bc5 Rd8 47. Bb6 Rc8 48. Bc7 Kh7 49. Qf2 Qg4 50. Qf1 Re8 51.
Bb8 Rc8 52. a8=Q Rc2 53. Qxd5 Rg2+ 54.
Qxg2 hxg2 55. Qxe4+ Kh8 56. Qxg2 Qd1+ 57. Qf1 Qb3 58. Ba7 Qa3 59. Bd4 1-0